 Dungeon Crawl Stone Soup version 0.20.1-1-g8b1a95d (webtiles) character file.

364 Peloso the Slasher (level 6, -3/47 HPs)
             Began as a Demonspawn Fighter on Aug 1, 2017.
             Killed from afar by Ijyb (8 damage)
             ... with a wand of lightning (?/15)
             ... on level 4 of the Dungeon.
             The game lasted 00:07:22 (3062 turns).

Peloso the Slasher (Demonspawn Fighter)             Turns: 3062, Time: 00:07:23

Health: -3/47      AC:  9    Str: 18    XL:     6   Next: 39%
Magic:  0/6        EV:  7    Int: 10    God:
Gold:   179        SH: 14    Dex: 12    Spells: 5/5 levels left

rFire    . . .     SeeInvis .   a - +0 long sword
rCold    . . .     Gourm    .   c - +0 shield
rNeg     . . .     Faith    .   b - +0 scale mail
rPois    .         Spirit   +   (no helmet)
rElec    .         Reflect  .   p - +2 cloak
rCorr    .         Harm     .   (no gloves)
MR       .....                  (no boots)
Stlth    ..........             d - amulet of guardian spirit
Regen    0.2/turn               (no ring)
MPRegen  0.1/turn               (no ring)

@: heavily drained
A: large bone plates 2, spiny 1
a: no special abilities


You were on level 4 of the Dungeon.
You were not hungry.

You visited 1 branch of the dungeon, and saw 4 of its levels.

You collected 179 gold pieces.

Inventory:

Hand Weapons
 a - a +0 long sword (weapon)
 n - a cursed -1 dagger
 s - a cursed -1 dagger
Armour
 b - a +0 scale mail (worn)
 c - a +0 shield (worn)
 p - a +2 cloak (worn)
Jewellery
 d - an amulet of guardian spirit (around neck)
 v - an uncursed amulet of harm
Scrolls
 g - a scroll of teleportation {unknown}
 h - a scroll of magic mapping {unknown}
 k - 4 scrolls of remove curse {unknown}
 o - a scroll of identify {unknown}
 r - a scroll of random uselessness {unknown}
 u - a scroll of fear {unknown}
 w - 2 scrolls of recharging {unknown}
Potions
 e - 3 potions of heal wounds
 i - a potion of curing
 q - a potion of degeneration {unknown}
 t - a potion of flight {unknown}
Comestibles
 f - a bread ration
 j - a royal jelly
 l - 2 meat rations
 m - a fruit
 x - 2 chunks of flesh


   Skills:
 + Level 3.4(2.1) Fighting
 + Level 4.1(2.7) Long Blades
 + Level 3.9(2.6) Armour
 + Level 1.2(0.0) Dodging
 + Level 0.2(0.0) Stealth
 + Level 3.9(2.5) Shields


You had 5 spell levels left.
You didn't know any spells.

Dungeon Overview and Level Annotations

Branches:
Dungeon (4/15)             Temple (0/1) D:4

Altars:
Cheibriados
Dithmenos
Elyvilon
Qazlal
Xom

Shops:
D:4 *

Annotations:
D:4 Ijyb


Innate Abilities, Weirdness & Mutations

You are mostly covered in large bone plates. (SH +6)
You are partially covered in sharp spines.


Message History

You hit Ijyb.
Ijyb is moderately wounded.
Ijyb is struck by your spines. Ijyb barely misses you.
You riposte.
You barely miss Ijyb.
Ijyb is moderately wounded.
Unknown command.
You slash Ijyb!
Ijyb is severely wounded.
Ijyb zaps a wand.
The bolt of lightning hits you!
* * * LOW HITPOINT WARNING * * *
Unknown command.
You completely miss Ijyb.
Ijyb is severely wounded.
Ijyb is struck by your spines. Ijyb hits you.
* * * LOW HITPOINT WARNING * * *
You closely miss Ijyb.
Ijyb is severely wounded.
Ijyb zaps a wand.
The bolt of lightning misses you.
Ijyb zaps a wand.
The bolt of lightning hits you!
You die...

##..####..#.........#
##.#####...........#
#...###.#.........##
###..##..(............
##...#.........#######
#########...........# .....
#.....# #...........#..h...
#...).###...####†#..'...>..
#.<.)........###@#..#......
#.....#####....#.g..#......
#.....# ##.#.#....####+##
## #######
#.............###.#
####.∩.#.........#.#
###..........##..#.#.#
#..o#..#..##.###.#.#.#
###.......(###.# #†#...#
#oo(.....### #.. #.##..#


You could see Ijyb.

Vanquished Creatures
  The ghost of xhc the Digger, an amateur GrEE (D:3)
  A scorpion (D:4)
  A hound (D:4)
  An orc wizard (D:3)
  Jessica (D:3)
  A worker ant (D:3)
  2 adders
  An ooze (D:2)
  3 worms (D:4)
  2 dart slugs
  4 leopard geckos
  4 orcs
  4 bats
  3 giant cockroaches
  12 goblins
  9 hobgoblins
  5 jackals
  2 quokkas
  2 frilled lizards
  A kobold (D:1)
  7 rats
67 creatures vanquished.

Vanquished Creatures (others)
  A hobgoblin (D:3)
  A jackal (D:4)
2 creatures vanquished.

Grand Total: 69 creatures vanquished

Notes
Turn   | Place    | Note
-------+----------+-------------------------------------------
     0 | D:1      | Peloso the Demonspawn Fighter began the quest for the Orb.
     0 | D:1      | Reached XP level 1. HP: 18/18 MP: 1/1
   212 | D:1      | Found a shadowy altar of Dithmenos.
   214 | D:1      | Found a white marble altar of Elyvilon.
   214 | D:1      | Found a stormy altar of Qazlal.
   216 | D:1      | Found a shimmering altar of Xom.
   216 | D:1      | Found a shadowy altar of Dithmenos.
   216 | D:1      | Found a white marble altar of Elyvilon.
   317 | D:1      | Reached skill level 2 in Long Blades
   332 | D:1      | Gained mutation: You are partially covered in sharp spines. [demonic ancestry]
   332 | D:1      | Reached XP level 2. HP: 24/24 MP: 2/2
   969 | D:2      | Reached XP level 3. HP: 26/29 MP: 3/3
  2043 | D:3      | Found a stormy altar of Qazlal.
  2161 | D:3      | Noticed Jessica
  2165 | D:3      | Killed Jessica
  2165 | D:3      | Gained mutation: You are partially covered in large bone plates. (SH +4) [demonic ancestry]
  2165 | D:3      | Reached XP level 4. HP: 35/35 MP: 4/4
  2330 | D:3      | Noticed xhc's ghost (amateur GrEE)
  2350 | D:3      | Killed xhc's ghost
  2350 | D:3      | Reached skill level 3 in Long Blades
  2350 | D:3      | Reached skill level 1 in Dodging
  2350 | D:3      | Reached XP level 5. HP: 34/41 MP: 5/5
  2396 | D:3      | Found a snail-covered altar of Cheibriados.
  2403 | D:3      | Found a white marble altar of Elyvilon.
  2514 | D:4      | Found Zoxtidgh's Assorted Antiques.
  2546 | D:4      | Gained mutation: You are mostly covered in large bone plates. (SH +6) [demonic ancestry]
  2546 | D:4      | Reached XP level 6. HP: 47/47 MP: 4/6
  2665 | D:3      | Reached skill level 4 in Long Blades
  3047 | D:4      | Found a staircase to the Ecumenical Temple.
  3047 | D:4      | Noticed Ijyb
  3062 | D:4      | Killed from afar by Ijyb

Skill      XL: |  1  2  3  4  5  6 |
---------------+-------------------+-----
Long Blades    | 2 3 4 |  4.1
Shields        | 3 |  3.9
Armour         | 3 |  3.9
Dodging        | 1 |  1.2
Fighting       | |  3.4
Stealth        | |  0.2

Action                   |  1- 3 |  4- 6 || total
-------------------------+-------+-------++-------
Melee: Long sword        |    83 |   124 ||   207
  Use: Potion            |     2 |     2 ||     4
  Eat: Chunk             |     3 |     4 ||     7
Armor: Scale mail        |    23 |    43 ||    66
Dodge: Dodged            |    20 |    16 ||    36
Block: Shield            |    38 |    87 ||   125
       Rpst.: Long sword |     6 |     6 ||    12
